AoeStats
← [Massa] Edo

Arena

505375309Analyzed
2v2 RM · 22d ago on Sep 9, 2026· 59m 38s· 4 players
Game mode
Random Map
Map size
Medium (4 player)
Population
200
Speed
Normal
Resources
Standard
Victory
Conquest
Starting age
Dark Age
Ending age
Imperial Age
RankedLock teamsTeams togetherTeam positionsShared explorationLock speedFull tech treeHidden civsTurbo modeCheats
Victory
Defeat
🇧🇷 Teutons · Brazil
1435
+21
🇧🇷 Berbers · Brazil
1377
+24
🇹🇷 Britons · Türkiye
1570
-23
🇺🇸 Lithuanians · United States
1536
-22
Vedette87
10:48 Feudal Age
15:00 Castle Age
13:05 Double-Bit Axe
13:08 Horse Collar
19:09 Scale Barding Armor
21:39 Forging
22:25 Sanctity
21:59 Loom
23:54 Husbandry
24:05 Bloodlines
27:56 Chain Barding Armor
27:31 Stone Mining
28:11 Gold Mining
28:59 Wheelbarrow
29:17 Iron Casting
30:25 Hand Cart
31:22 Fervor
31:41 Heavy Plow
32:54 Bow Saw
34:28 Fletching
38:27 Imperial Age
37:51 Bodkin Arrow
37:57 Padded Archer Armor
37:51 Elite Skirmisher
39:22 Bracer
39:39 Leather Archer Armor
39:46 Ballistics
39:12 Cavalier
40:51 Plate Barding Armor
41:50 Ring Archer Armor
41:19 Paladin
42:29 Conscription
43:05 Tower Shields
48:10 Murder Holes
49:42 Scale Mail Armor
49:04 Pikeman
49:49 Halberdier
52:13 Chemistry
53:11 Squires
54:25 Chain Mail Armor
Arda Asar
7:16 Loom
9:37 Feudal Age
12:38 Fletching
13:25 Stone Mining
13:21 Double-Bit Axe
17:59 Wheelbarrow
17:28 Horse Collar
19:15 Town Watch
24:40 Castle Age
23:43 Gold Mining
25:26 Bodkin Arrow
28:27 Bow Saw
28:25 Heavy Plow
32:12 Gold Shaft Mining
38:42 Imperial Age
36:47 Ballistics
36:08 Treadmill Crane
37:09 Hand Cart
37:33 Town Patrol
37:34 Padded Archer Armor
37:58 Masonry
38:51 Yeomen
38:58 Leather Archer Armor
38:49 Murder Holes
38:44 Elite Longbowman
39:56 Conscription
38:56 Elite Longbowman
40:10 Bracer
40:40 Ring Archer Armor
41:22 Chemistry
40:56 Elite Longbowman
41:57 Conscription
41:57 Conscription
41:38 Warwolf
42:56 Two-Man Saw
42:08 Siege Engineers
41:47 Elite Longbowman
45:30 Hoardings
45:20 Guilds
45:45 Architecture
46:43 Forging
46:38 Scale Barding Armor
46:43 Forging
47:50 Hoardings
50:11 Squires
49:58 Man-at-Arms
49:58 Pikeman
50:27 Arson
50:27 Gambesons
52:01 Iron Casting
51:24 Halberdier
52:38 Husbandry
52:03 Light Cavalry
54:07 Blast Furnace
53:27 Chain Barding Armor
53:33 Chain Barding Armor
53:16 Cavalier
57:30 Coinage
57:43 Plate Barding Armor
tg
10:51 Feudal Age
11:45 Feudal Age
12:43 Horse Collar
15:32 Castle Age
13:47 Double-Bit Axe
16:55 Bow Saw
17:54 Husbandry
19:19 Loom
24:17 Light Cavalry
29:53 Imperial Age
27:42 Heavy Plow
28:05 Fletching
28:54 Bodkin Arrow
29:33 Kasbah
30:05 Padded Archer Armor
30:41 Ballistics
31:21 Bracer
33:33 Chemistry
33:02 Leather Archer Armor
34:55 Wheelbarrow
34:05 Town Watch
34:32 Siege Engineers
35:41 Heavy Camel Rider
36:31 Bloodlines
36:28 Scale Barding Armor
36:54 Ring Archer Armor
37:44 Chain Barding Armor
38:59 Thumb Ring
40:25 Plate Barding Armor
40:09 Masonry
41:58 Conscription
42:13 Forging
43:35 Guilds
44:16 Crop Rotation
43:52 Treadmill Crane
44:15 Maghrebi Camels
44:54 Coinage
46:24 Iron Casting
48:21 Blast Furnace
47:26 Murder Holes
47:00 Elite Skirmisher
48:47 Hussar
51:50 Hand Cart
51:28 Gold Mining
51:28 Stone Mining
51:44 Elite Camel Archer
54:53 Town Patrol
55:15 Cavalier
56:40 Capped Ram
58:26 Banking
58:56 Gold Shaft Mining
58:56 Stone Shaft Mining
[Massa] Edo
5:57 Loom
8:52 Feudal Age
9:24 Double-Bit Axe
11:38 Fletching
16:21 Horse Collar
23:59 Castle Age
22:17 Gold Mining
22:19 Stone Mining
23:20 Forging
24:10 Scale Mail Armor
25:04 Bodkin Arrow
29:17 Wheelbarrow
29:05 Bow Saw
29:24 Heavy Plow
33:38 Stone Shaft Mining
37:25 Imperial Age
35:33 Ballistics
35:20 Scale Barding Armor
35:55 Iron Casting
35:23 Devotion
36:00 Squires
35:45 Arson
35:48 Gambesons
35:23 Pikeman
36:54 Chain Mail Armor
38:22 Hand Cart
37:52 Town Watch
38:30 Conscription
38:42 Plate Mail Armor
39:13 Blast Furnace
38:24 Caravan
39:27 Siege Engineers
40:24 Chemistry
41:00 Masonry
41:37 Crenellations
41:33 Onager
45:01 Two-Man Saw
44:33 Crop Rotation
44:05 Town Patrol
44:36 Siege Onager
47:39 Hoardings
50:33 Scale Barding Armor
51:43 Chain Barding Armor
51:56 Bloodlines
53:04 Plate Barding Armor
58:37 Cavalier
Connection lost

Rejoining the realm…

Still unreachable

The connection could not be restored.

Session expired

The server has moved on; the page needs a fresh start.